 Dungeon Crawl Stone Soup version 0.25-b1-37-g2669288c55 (webtiles) character file.

Game seed: 18095021817624786727

4839 nightchill the Frost Mage (level 10, -8/86 HPs)
             Began as a Ghoul Ice Elementalist on June 4, 2020.
             Was a Follower of Makhleb.
             Mangled by a six-headed hydra (11 damage)
             ... on level 8 of the Dungeon.
             The game lasted 00:38:14 (11913 turns).

nightchill the Frost Mage (Ghoul Ice Elementalist) Turns: 11913, Time: 00:38:14

Health: -8/86      AC: 11    Str: 16    XL:     10   Next: 49%
Magic:  19/26      EV:  9    Int: 10    God:    Makhleb [*.....]
Gold:   365        SH:  5    Dex:  9    Spells: 16/20 levels left

rFire    . . .     SeeInvis .   a - +0 war axe
rCold    + + .     Gourm    .   (no shield)
rNeg     + + +     Faith    .   B - +2 scale mail {rC+}
rPois    ∞         Spirit   .   y - +0 helmet
rElec    .         Reflect  +   u - +1 cloak
rCorr    .         Harm     .   (no gloves)
MR       .....                  (no boots)
Stlth    ..........             w - amulet of reflection
HPRegen  0.00/turn              s - ring of magical power
MPRegen  0.20/turn              (no ring)

@: frozen ramparts, rotting
A: rotting body, claws 1, carnivore, cold resistance 1, negative energy
resistance 3, inhibited regeneration, torment resistance, unbreathing
a: Renounce Religion


You were on level 8 of the Dungeon.
You worshipped Makhleb.
Makhleb was aware of your devotion.
You were not hungry.

You visited 2 branches of the dungeon, and saw 9 of its levels.

You collected 365 gold pieces.

Inventory:

Hand Weapons
 a - a +0 war axe (weapon)
 b - a +2 dagger of venom
 g - a +0 hand axe
 k - a +0 club
 v - a +0 rapier
 x - a +0 hunting sling
 M - a +0 war axe
 P - a +0 falchion of flaming
Missiles
 d - 292 stones (quivered)
 j - 2 silver boomerangs
 A - 20 poisoned darts
Armour
 r - a +2 robe of the Archmagi
 u - a +1 cloak (worn)
 y - a +0 helmet (worn)
 B - a +2 scale mail of cold resistance (worn)
 L - a +1 cloak
Jewellery
 m - an uncursed ring of resist corrosion
 s - a ring of magical power (left claw)
 w - an amulet of reflection (around neck)
 J - a +4 ring of evasion {unknown}
Wands
 o - a wand of polymorph (8)
 E - a wand of random effects (14)
 F - a wand of enslavement (12)
 H - a wand of flame (15)
Scrolls
 f - 2 scrolls of magic mapping
 n - a scroll of enchant armour
 p - 2 scrolls of remove curse
 C - a scroll of enchant weapon {unknown}
 G - 3 scrolls of teleportation
 I - a scroll of blinking
 K - 2 scrolls of identify
 O - a scroll of acquirement {unknown}
Potions
 e - a potion of brilliance {unknown}
 i - 2 potions of haste
 l - 3 potions of lignification {unknown}
 q - a potion of magic {unknown}
 t - a potion of stabbing {unknown}
 z - 3 potions of flight
 D - a potion of berserk rage {unknown}
Comestibles
 c - 27 rations
 N - 12 chunks of flesh


   Skills:
 + Level 7.3 Fighting
 * Level 8.5 Axes
 - Level 1.7 Dodging
 - Level 2.1 Stealth
 + Level 5.9 Spellcasting
 + Level 9.0 Ice Magic


You had 16 spell levels left.
You knew the following spells:

 Your Spells              Type           Power        Failure   Level  Hunger
a - Freeze                Ice            ###.         1%          1    None
b - Frozen Ramparts       Ice            ###...       6%          3    ###....

Your spell library contained the following spells:

 Spells                   Type           Power        Failure   Level  Hunger
 Ozocubu's Armour         Chrm/Ice       ##......     36%         3    ###....
 Shock                    Conj/Air       #...         63%         1    None
 Swiftness                Chrm/Air       #.......     77%         2    ##.....
 Hailstorm                Conj/Ice       ##......     77%         4    ####...
 Summon Ice Beast         Ice/Summ       ##......     77%         4    ####...
 Static Discharge         Conj/Air       #.......     94%         3    ###....
 Airstrike                Air            #.........   100%        4    ####...
 Lightning Bolt           Conj/Air       #.........   100%        5    ######.


Dungeon Overview and Level Annotations

Branches:
Dungeon (8/15)             Temple (1/1) D:7
   Lair: D:8-11

Altars:
Ashenzari
Cheibriados
Dithmenos
Elyvilon
Fedhas
Gozag
Hepliaklqana
Kikubaaqudgha
Makhleb
Nemelex Xobeh
Okawaru
Qazlal
Ru
Sif Muna
Trog
Vehumet
Wu Jian
Xom
Yredelemnul
Zin
The Shining One

Annotations:
D:4 1 runed translucent door, exclusion: door, Nebesus's ghost, novice GrFi


Innate Abilities, Weirdness & Mutations

Your body is rotting away.
You thrive on raw meat.
You are immune to poison.
You have sharp fingernails.
You are carnivorous and can eat meat at any time.
Your flesh is cold resistant. (rC+)
You are immune to negative energy. (rN+++)
You do not regenerate when monsters are visible.
You are immune to unholy pain and torment.
You can survive without breathing.


Message History

The six-headed hydra closely misses you.
The six-headed hydra bites you!
* * * LOW HITPOINT WARNING * * *
The six-headed hydra barely misses you. x2; The six-headed hydra bites you!
* * * LOW HITPOINT WARNING * * *
You block the six-headed hydra's attack.
Casting: Freeze (safe; 1% risk of failure)
Confirm with . or Enter, or press ? or * to list all spells.
Aiming: Freeze (safe; 1% risk of failure)
Press: ? - help, Shift-Dir - straight line, f/p - six-headed hydra
Aim: a six-headed hydra (severely wounded, slow)
You freeze the six-headed hydra.
The six-headed hydra is severely wounded.
The six-headed hydra seems to slow down.
The wall freezes the six-headed hydra.
The six-headed hydra bites you but does no damage.
The six-headed hydra bites you!
* * * LOW HITPOINT WARNING * * *
The six-headed hydra bites you!
You die...

.......#######÷####
......## #PP≈.≈.≈.#
....... #P≈......#
....... #≈≈P..P..#
...... #P≈≈.....#
..... #.≈P.....#
#+###'''##
#).#.....#
#.%'..D@.#
##########


You could see a six-headed hydra (slow).

Vanquished Creatures
  Psyche (D:8)
  2 dream sheep (D:8)
  A hippogriff (D:7)
  2 yaks (D:8)
  Menkaure (D:6)
  Edmund (D:6)
  A necrophage (D:6)
  3 sky beasts
  2 ogres
  3 centaurs
  A crocodile (D:7)
  4 big kobolds
  4 bullfrogs
  A wyvern skeleton (D:8)
  2 scorpions
  10 wights
  4 howler monkeys
  A bullfrog zombie (D:5)
  6 crimson imps
  A quasit (D:5)
  5 orc priests
  2 bullfrog skeletons
  A gnoll shaman (D:6)
  A hound (D:8)
  3 jellies
  Crazy Yiuf (D:2)
  Jessica (D:2)
  Terence (D:3)
  An iguana (D:7)
  6 orc wizards
  6 worker ants
  A hound zombie (D:6)
  A hound skeleton (D:4)
  A howler monkey zombie (D:6)
  2 worker ant zombies
  Robin (D:3)
  4 adders
  10 gnolls
  A howler monkey skeleton (D:4)
  2 adder skeletons
  3 worms
  2 leopard geckos
  26 orcs
  3 bats
  5 giant cockroaches
  23 goblins
  10 hobgoblins
  12 jackals
  2 quokkas
  6 frilled lizards
  14 kobolds
  A leopard gecko skeleton (D:8)
  7 rats
216 creatures vanquished.

Vanquished Creatures (others)
  5 plants (D:3)
5 creatures vanquished.

Grand Total: 221 creatures vanquished

Notes
Turn   | Place    | Note
-------+----------+-------------------------------------------
     0 | D:1      | nightchill the Ghoul Ice Elementalist began the quest for
                  | the Orb.
     0 | D:1      | Reached XP level 1. HP: 14/14 MP: 2/2
   275 | D:1      | Reached XP level 2. HP: 17/22 MP: 0/3
   561 | D:1      | Reached skill level 1 in Fighting
   658 | D:1      | Reached XP level 3. HP: 28/28 MP: 3/5
   718 | D:1      | Reached skill level 5 in Ice Magic
   824 | D:1      | Learned a level 3 spell: Frozen Ramparts
  2022 | D:2      | Found a runed translucent door.
  2023 | D:2      | Noticed Crazy Yiuf
  2163 | D:2      | Reached XP level 4. HP: 28/35 MP: 2/6
  2507 | D:2      | Reached skill level 1 in Axes
  2853 | D:2      | Noticed Jessica
  2861 | D:2      | Killed Jessica
  2861 | D:2      | Reached XP level 5. HP: 36/37 MP: 2/7
  3016 | D:2      | Killed Crazy Yiuf
  3583 | D:3      | Noticed Robin
  3619 | D:3      | Killed Robin
  3624 | D:3      | Reached XP level 6. HP: 24/49 MP: 4/9
  3849 | D:3      | Noticed Terence
  3887 | D:3      | Killed Terence
  4479 | D:3      | Found an opulent altar of Gozag.
  4597 | D:3      | Found a hazy altar of Hepliaklqana.
  4962 | D:4      | Reached skill level 6 in Ice Magic
  4979 | D:4      | Noticed Nebesus's ghost (novice GrFi)
  4980 | D:4      | Found a runed translucent door.
  5004 | D:4      | Found a bloodstained altar of Trog.
  5005 | D:4      | Found a stormy altar of Qazlal.
  5005 | D:4      | Found a shimmering blue altar of Sif Muna.
  5006 | D:4      | Found a snail-covered altar of Cheibriados.
  5037 | D:4      | Reached XP level 7. HP: 22/57 MP: 7/10
  5349 | D:4      | Found a basalt altar of Yredelemnul.
  5768 | D:5      | Entered Level 5 of the Dungeon
  6291 | D:5      | Found an ancient bone altar of Kikubaaqudgha.
  6937 | D:5      | Reached XP level 8. HP: 63/64 MP: 12/12
  7370 | D:5      | Reached skill level 5 in Axes
  7703 | D:6      | Reached skill level 7 in Ice Magic
  8304 | D:6      | Noticed Menkaure
  8372 | D:6      | Reached skill level 5 in Fighting
  8476 | D:6      | Reached XP level 9. HP: 18/73 MP: 14/14
  8781 | D:6      | Killed Menkaure
  9299 | D:6      | Noticed Edmund
  9314 | D:6      | Killed Edmund
  9470 | D:7      | Found a staircase to the Ecumenical Temple.
  9479 | Temple   | Entered the Ecumenical Temple
  9689 | Temple   | Became a worshipper of Makhleb the Destroyer
  9793 | D:7      | Reached skill level 5 in Spellcasting
  9880 | D:7      | Reached skill level 8 in Ice Magic
 10884 | D:7      | Reached * piety under Makhleb
 11469 | D:8      | Noticed Psyche
 11484 | D:7      | Reached XP level 10. HP: 56/84 MP: 17/17
 11575 | D:8      | Paralysed by Psyche for 3 turns
 11587 | D:8      | Killed Psyche
 11895 | D:8      | Noticed a three-headed hydra
 11900 | D:8      | Reached skill level 9 in Ice Magic
 11913 | D:8      | HP: 3/86 [six-headed hydra (7)]
 11913 | D:8      | Mangled by a six-headed hydra

Illustrated notes

Levels and vault maps discovered:
D:1:      evilmike_arrival_crescent, layout_loops_cross
D:2:      layout_basic, uniq_jessica, uniq_crazy_yiuf_cottage
D:3:      layout_basic, grunt_gozag_breadcrumbs, lemuel_coloured_pillars_altar,
          serial_bayou_lagoon_a, minmay_ogre_servants, uniq_robin, uniq_terence
D:4:      layout_loops_ring, yredelemnul_forgotten_temple_becter,
          chequers_temple_overflow_statue_of_worship, first_ration,
          hellmonk_ghost_happy_afterlife, chequers_serial_rivers_small_3,
          serial_bayou_crossing
D:5:      layout_basic, kiku_gazebo_garden_becter
D:6:      layout_basic, uniq_edmund, uniq_menkaure
D:7:      layout_basic, temple_hall
D:8:      layout_rooms, ebering_ghost_reflecting_pool, hangedman_ranch
          [blue_anna_fruit_fields], uniq_psyche
Temple:   nicolae_temple_figure_eight

Skill      XL: |  1  2  3  4  5  6  7  8  9 10 |
---------------+-------------------------------+-----
Spellcasting   | 2 3 4 5 |  5.9
Fighting       | 1 2 3 4 5 6 7 |  7.3
Ice Magic      | 5 6 7 8 9 |  9.0
Axes           | 1 2 3 4 6 7 8 |  8.5
Dodging        | |  1.7
Stealth        | |  2.1

Action                   |  1- 3 |  4- 6 |  7- 9 | 10-12 || total
-------------------------+-------+-------+-------+-------++-------
Melee: Hand axe          |    43 |    14 |    91 |       ||   148
       Club              |     3 |       |       |       ||     3
       Dagger            |       |   132 |   145 |       ||   277
       War axe           |       |       |   226 |    53 ||   279
 Cast: Freeze            |    40 |    25 |    23 |    12 ||   100
       Frozen Ramparts   |     3 |    14 |    28 |     9 ||    54
  Use: Scroll            |       |     6 |     6 |       ||    12
       Potion            |       |       |       |     3 ||     3
 Stab: Sleeping          |     1 |     1 |     1 |       ||     3
  Eat: Chunk             |    15 |    21 |    32 |     7 ||    75
Armor: Robe              |    17 |     4 |       |       ||    21
       Leather armour    |       |    26 |     1 |       ||    27
       Scale mail        |       |       |   251 |    35 ||   286
Dodge: Dodged            |    46 |   114 |   206 |    29 ||   395
Block: Other             |       |       |   120 |    15 ||   135
       Reflection        |       |       |     9 |       ||     9
